General information
- name: BNet
- type: Ladder team game (AT/RT)
- host: Battle.net
- saver: Teelo
map: GoldRush
- players: 8
- length: 33:20
- speed: Fast
- version: 1.26 W3XP
- replay type: Public
» download(208 KB)
Players
team 1 (loser)
HlTLeR. (
red | 49 APM | 1601 actions | 32:20)
7 Death Knight
2 Death Coil
3 Unholy Aura
1 Animate Dead
1 Death Pact
» actions
| Assign group hotkey | 28 | |
| Basic commands | 103 | |
| Build / train | 89 | |
| Enter build submenu | 16 | |
| Enter hero's abilities submenu | 6 | |
| Remove unit from queue | 4 | |
| Right click | 832 | |
| Select / deselect | 225 | |
| Select group hotkey | 247 | |
| Use ability | 51 | |
1601 total
» units
| Acolyte | 7 | |
| Ghoul | 3 | |
| Crypt Fiend | 47 | |
| Obsidian Statue | 2 | |
59 total
» upgrades
| Web | 1 | |
| Creature Attack | 4 | |
| Creature Carapace | 3 | |
8 total
» buildings
| Altar of Darkness | 1 | |
| Ziggurat | 15 | |
| Crypt | 1 | |
| Graveyard | 1 | |
| Halls of the Dead | 1 | |
| Nerubian Tower | 1 | |
| Spirit Tower | 2 | |
| Slaughterhouse | 1 | |
| Tomb of Relics | 1 | |
| Black Citadel | 1 | |
25 total
» build order
00:24 Altar of Darkness
00:27 Ziggurat
00:51 Crypt
01:49 Graveyard
02:14 Ziggurat
05:33 Ziggurat
05:35 Ziggurat
05:37 Ziggurat
07:14 Halls of the Dead
08:22 Ziggurat
08:23 Ziggurat
08:25 Ziggurat
10:15 Nerubian Tower
10:27 Spirit Tower
13:47 Spirit Tower
14:03 Ziggurat
14:05 Ziggurat
14:28 Slaughterhouse
14:34 Tomb of Relics
19:00 Black Citadel
19:12 Ziggurat
19:14 Ziggurat
19:15 Ziggurat
19:20 Ziggurat
» items
xThe_Truthh (
green | 44 APM | 1068 actions | 24:04)
8 Keeper of the Grove
2 Force of Nature
2 Thorns Aura
1 Entangling Roots
3 Tranquility
» actions
| Assign group hotkey | 7 | |
| Basic commands | 1 | |
| Build / train | 82 | |
| ESC pressed | 2 | |
| Enter build submenu | 20 | |
| Enter hero's abilities submenu | 7 | |
| Right click | 321 | |
| Select / deselect | 329 | |
| Select group hotkey | 250 | |
| Use ability | 49 | |
1068 total
» units
| Wisp | 22 | |
| Archer | 20 | |
| Hippogryph | 9 | |
| Druid of the Talon | 3 | |
| Faerie Dragon | 3 | |
57 total
» upgrades
| Improved Bows | 1 | |
| Strength of the Moon | 3 | |
| Hippogryph Taming | 1 | |
| Druid of the Talon Training | 1 | |
| Moon Armor | 3 | |
| Marksmanship | 1 | |
10 total
» buildings
| Altar of Elders | 1 | |
| Moon Well | 9 | |
| Ancient of War | 1 | |
| Hunter's Hall | 1 | |
| Tree of Ages | 1 | |
| Tree of Life | 1 | |
| Ancient Protector | 4 | |
| Ancient of Wind | 2 | |
| Tree of Eternity | 2 | |
| Ancient of Wonders | 1 | |
23 total
» build order
00:05 Altar of Elders
00:06 Moon Well
01:06 Ancient of War
01:30 Moon Well
02:12 Hunter's Hall
02:26 Moon Well
03:21 Moon Well
04:25 Tree of Ages
05:15 Tree of Life
06:09 Ancient Protector
06:10 Ancient Protector
06:13 Ancient Protector
06:17 Ancient Protector
07:06 Ancient of Wind
07:09 Ancient of Wind
09:48 Moon Well
11:35 Moon Well
11:38 Tree of Eternity
11:38 Tree of Eternity
14:27 Ancient of Wonders
15:14 Moon Well
16:44 Moon Well
23:47 Moon Well

»
JohnyNumber1 (
yellow | 64 APM | 2127 actions | 33:18)
7 Blademaster
3 Wind Walk
3 Critical Strike
1 Bladestorm
3 Shadow Hunter
2 Healing Wave
1 Hex
2 Tauren Chieftain
1 War Stomp
1 Endurance Aura
» actions
| Assign group hotkey | 35 | |
| Basic commands | 125 | |
| Build / train | 83 | |
| Enter build submenu | 33 | |
| Enter hero's abilities submenu | 12 | |
| Give item / drop item | 3 | |
| Remove unit from queue | 3 | |
| Right click | 730 | |
| Select / deselect | 326 | |
| Select group hotkey | 641 | |
| Use ability | 136 | |
2127 total
» units
| Peon | 18 | |
| Troll Batrider | 21 | |
| Wind Rider | 3 | |
42 total
» upgrades
| Ranged Weapons | 3 | |
| Spiked Barricades | 2 | |
| Armor | 1 | |
| Liquid Fire | 1 | |
| Envenomed Spears | 1 | |
| Reinforced Defenses | 1 | |
9 total
» buildings
| Orc Burrow | 7 | |
| Altar of Storms | 1 | |
| Voodoo Lounge | 1 | |
| War Mill | 1 | |
| Stronghold | 1 | |
| Great Hall | 4 | |
| Watch Tower | 9 | |
| Beastiary | 4 | |
| Fortress | 1 | |
| Altar of Elders | 1 | |
30 total
» build order
00:12 Orc Burrow
00:20 Altar of Storms
00:54 Voodoo Lounge
01:58 War Mill
02:45 Stronghold
03:40 Great Hall
03:57 Orc Burrow
04:02 Watch Tower
04:09 Watch Tower
04:20 Watch Tower
04:42 Watch Tower
05:25 Beastiary
05:37 Orc Burrow
06:08 Beastiary
06:13 Beastiary
06:43 Beastiary
07:39 Fortress
08:24 Orc Burrow
09:28 Orc Burrow
10:33 Orc Burrow
11:50 Great Hall
13:48 Orc Burrow
15:35 Watch Tower
15:55 Watch Tower
16:32 Watch Tower
16:34 Watch Tower
17:12 Watch Tower
21:52 Great Hall
25:54 Great Hall
26:06 Altar of Elders
» items
| Healing Salve | 3 | |
| Orb of Lightning | 3 | |
| Potion of Healing | 4 | |
| Scroll of Town Portal | 1 | |
11 total

»
tk-pro (
blue | 76 APM | 1926 actions | 25:11)
4 Keeper of the Grove
2 Entangling Roots
2 Thorns Aura
» actions
| Assign group hotkey | 73 | |
| Basic commands | 191 | |
| Build / train | 77 | |
| Enter build submenu | 27 | |
| Enter hero's abilities submenu | 4 | |
| Give item / drop item | 2 | |
| Right click | 622 | |
| Select / deselect | 320 | |
| Select group hotkey | 497 | |
| Use ability | 113 | |
1926 total
» units
| Wisp | 27 | |
| Huntress | 5 | |
| Druid of the Claw | 10 | |
| Archer | 1 | |
| Druid of the Talon | 9 | |
52 total
» upgrades
| Strength of the Wild | 3 | |
| Reinforced Hides | 2 | |
| Druid of the Claw Training | 2 | |
| Druid of the Talon Training | 2 | |
| Mark of the Claw | 1 | |
| Mark of the Talon | 1 | |
| Nature's Blessing | 1 | |
12 total
» buildings
| Altar of Elders | 1 | |
| Moon Well | 8 | |
| Hunter's Hall | 1 | |
| Ancient of War | 2 | |
| Ancient of Wonders | 1 | |
| Ancient Protector | 8 | |
| Tree of Ages | 1 | |
| Tree of Life | 1 | |
| Tree of Eternity | 1 | |
| Ancient of Lore | 2 | |
| Ancient of Wind | 2 | |
28 total
» build order
00:08 Altar of Elders
00:22 Moon Well
01:32 Hunter's Hall
02:02 Ancient of War
02:07 Moon Well
02:51 Ancient of War
03:28 Ancient of Wonders
04:37 Moon Well
04:45 Ancient Protector
06:04 Tree of Ages
06:44 Ancient Protector
07:27 Tree of Life
07:34 Moon Well
08:34 Moon Well
09:34 Moon Well
11:00 Tree of Eternity
12:08 Moon Well
12:55 Ancient of Lore
12:59 Ancient of Lore
13:08 Moon Well
14:17 Ancient of Wind
17:20 Ancient of Wind
20:55 Ancient Protector
21:05 Ancient Protector
21:23 Ancient Protector
21:37 Ancient Protector
21:40 Ancient Protector
21:43 Ancient Protector
» items
| Dust of Appearance | 1 | |
| Staff of Preservation | 1 | |
| Potion of Healing | 2 | |
| Potion of Lesser Invulnerability | 1 | |
| Scroll of Town Portal | 1 | |
6 total
team 2 (winner)

»
jenny86 (
purple | 40 APM | 1317 actions | 33:19)
6 Demon Hunter
3 Immolation
2 Evasion
1 Metamorphosis
» actions
| Assign group hotkey | 20 | |
| Basic commands | 11 | |
| Build / train | 105 | |
| Enter build submenu | 47 | |
| Enter hero's abilities submenu | 7 | |
| Give item / drop item | 1 | |
| Remove unit from queue | 4 | |
| Right click | 615 | |
| Select / deselect | 364 | |
| Select group hotkey | 82 | |
| Use ability | 61 | |
1317 total
» units
| Wisp | 38 | |
| Archer | 7 | |
| Hippogryph | 13 | |
| Chimaera | 6 | |
| Dryad | 17 | |
81 total
» upgrades
| Reinforced Hides | 2 | |
| Strength of the Wild | 2 | |
| Abolish Magic | 1 | |
5 total
» buildings
| Altar of Elders | 3 | |
| Moon Well | 14 | |
| Ancient of War | 2 | |
| Hunter's Hall | 2 | |
| Tree of Ages | 3 | |
| Ancient Protector | 2 | |
| Tree of Life | 5 | |
| Ancient of Wind | 2 | |
| Tree of Eternity | 3 | |
| Chimaera Roost | 2 | |
| Ancient of Wonders | 1 | |
| Ancient of Lore | 4 | |
43 total
» build order
00:22 Altar of Elders
00:36 Moon Well
00:52 Ancient of War
01:41 Moon Well
02:25 Hunter's Hall
03:03 Tree of Ages
03:35 Ancient Protector
04:17 Moon Well
05:08 Tree of Life
05:36 Ancient of Wind
06:09 Tree of Eternity
06:52 Moon Well
08:56 Chimaera Roost
09:00 Chimaera Roost
10:15 Moon Well
11:27 Moon Well
11:35 Ancient of Wonders
13:16 Tree of Ages
13:50 Tree of Life
15:40 Ancient of Lore
15:44 Ancient of Lore
16:30 Ancient of Wind
17:45 Tree of Eternity
19:36 Moon Well
20:36 Moon Well
21:07 Moon Well
21:10 Moon Well
21:29 Tree of Life
22:29 Altar of Elders
23:59 Moon Well
24:22 Moon Well
24:54 Moon Well
25:19 Hunter's Hall
25:24 Tree of Life
26:42 Moon Well
27:12 Ancient Protector
27:20 Tree of Life
27:33 Ancient of War
27:56 Tree of Ages
28:15 Altar of Elders
30:39 Ancient of Lore
30:43 Ancient of Lore
31:54 Tree of Eternity
» items
| Dust of Appearance | 1 | |
| Healing Salve | 1 | |
2 total

»
Teelo (
orange | 62 APM | 2066 actions | 33:20)
7 Dark Ranger
3 Black Arrow
3 Silence
1 Charm
» actions
| Assign group hotkey | 246 | |
| Basic commands | 180 | |
| Build / train | 130 | |
| ESC pressed | 10 | |
| Enter build submenu | 57 | |
| Enter hero's abilities submenu | 7 | |
| Give item / drop item | 1 | |
| Remove unit from queue | 1 | |
| Right click | 541 | |
| Select / deselect | 403 | |
| Select group hotkey | 323 | |
| Use ability | 167 | |
2066 total
» units
| Peon | 29 | |
| Grunt | 11 | |
| Troll Headhunter/Berserker | 1 | |
| Spirit Walker | 4 | |
| Troll Batrider | 9 | |
| Acolyte | 4 | |
| Crypt Fiend | 12 | |
| Wisp | 8 | |
| Ghoul | 6 | |
84 total
» upgrades
| Armor | 1 | |
| Melee Weapons | 2 | |
| Spiked Barricades | 1 | |
| Berserker Strength | 1 | |
| Shaman Training | 1 | |
| Witch Doctor Training | 1 | |
| Spirit Walker Training | 2 | |
| Creature Attack | 2 | |
| Creature Carapace | 2 | |
| Web | 1 | |
| Burrow | 1 | |
15 total
» buildings
| Orc Burrow | 4 | |
| Barracks | 1 | |
| Altar of Storms | 1 | |
| Voodoo Lounge | 1 | |
| War Mill | 1 | |
| Watch Tower | 18 | |
| Stronghold | 1 | |
| Great Hall | 5 | |
| Beastiary | 1 | |
| Spirit Lodge | 2 | |
| Fortress | 1 | |
| Necropolis | 1 | |
| Tree of Life | 1 | |
| Ziggurat | 3 | |
| Graveyard | 1 | |
| Crypt | 4 | |
| Tomb of Relics | 1 | |
| Spirit Tower | 1 | |
| Halls of the Dead | 1 | |
| Altar of Darkness | 1 | |
| Altar of Elders | 1 | |
| Moon Well | 2 | |
| Black Citadel | 1 | |
| Hunter's Hall | 1 | |
55 total
» build order
00:21 Orc Burrow
00:38 Barracks
00:51 Altar of Storms
01:33 Voodoo Lounge
01:37 War Mill
02:11 Orc Burrow
03:27 Watch Tower
03:42 Watch Tower
03:53 Watch Tower
04:20 Orc Burrow
04:29 Watch Tower
06:26 Watch Tower
06:27 Stronghold
06:41 Orc Burrow
07:24 Great Hall
10:06 Watch Tower
10:16 Watch Tower
10:21 Watch Tower
11:53 Great Hall
12:12 Watch Tower
12:15 Watch Tower
12:16 Watch Tower
12:18 Watch Tower
13:37 Beastiary
13:54 Watch Tower
14:32 Watch Tower
14:33 Watch Tower
14:34 Watch Tower
15:59 Spirit Lodge
16:00 Spirit Lodge
16:24 Great Hall
17:25 Fortress
17:38 Watch Tower
17:39 Watch Tower
18:44 Necropolis
18:55 Great Hall
20:44 Tree of Life
21:32 Ziggurat
21:33 Ziggurat
21:33 Ziggurat
21:39 Graveyard
22:07 Crypt
22:09 Tomb of Relics
24:22 Spirit Tower
24:23 Crypt
24:24 Crypt
24:25 Crypt
25:21 Halls of the Dead
29:10 Altar of Darkness
30:19 Altar of Elders
30:21 Moon Well
30:21 Moon Well
31:31 Black Citadel
31:41 Great Hall
32:18 Hunter's Hall
» items
| Lesser Clarity Potion | 4 | |
| Boots of Speed | 1 | |
| Healing Salve | 2 | |
| Moonstone | 1 | |
| Staff of Preservation | 1 | |
| Scroll of Town Portal | 2 | |
| Potion of Mana | 2 | |
| Potion of Healing | 3 | |
| Orb of Lightning | 1 | |
17 total
ooooooo7 (
teal | 29 APM | 958 actions | 33:19)
9 Blademaster
3 Wind Walk
3 Critical Strike
1 Bladestorm
2 Mirror Image
» actions
| Basic commands | 89 | |
| Build / train | 115 | |
| Enter build submenu | 36 | |
| Enter hero's abilities submenu | 9 | |
| Give item / drop item | 4 | |
| Remove unit from queue | 4 | |
| Right click | 166 | |
| Select / deselect | 454 | |
| Use ability | 81 | |
958 total
» units
| Peon | 23 | |
| Troll Headhunter/Berserker | 20 | |
| Wind Rider | 16 | |
| Shaman | 16 | |
75 total
» upgrades
| Armor | 3 | |
| Ranged Weapons | 3 | |
| Troll Regeneration | 1 | |
| Spiked Barricades | 1 | |
| Berserker Upgrade | 1 | |
| Shaman Training | 2 | |
| Reinforced Defenses | 1 | |
| Envenomed Spears | 1 | |
13 total
» buildings
| Orc Burrow | 8 | |
| Altar of Storms | 1 | |
| War Mill | 2 | |
| Barracks | 1 | |
| Voodoo Lounge | 1 | |
| Stronghold | 1 | |
| Great Hall | 3 | |
| Fortress | 1 | |
| Spirit Lodge | 1 | |
| Beastiary | 2 | |
| Watch Tower | 16 | |
37 total
» build order
00:22 Orc Burrow
00:37 Altar of Storms
00:54 War Mill
01:08 Barracks
01:52 Orc Burrow
02:11 Voodoo Lounge
03:28 Orc Burrow
04:45 Stronghold
05:42 Great Hall
06:40 Great Hall
06:51 Orc Burrow
07:51 Orc Burrow
07:53 Fortress
08:26 Spirit Lodge
09:08 Orc Burrow
09:36 Beastiary
10:48 Watch Tower
10:57 Orc Burrow
11:02 Watch Tower
11:34 Beastiary
12:03 War Mill
15:46 Watch Tower
16:03 Watch Tower
16:31 Great Hall
18:05 Watch Tower
18:48 Watch Tower
21:11 Watch Tower
21:15 Watch Tower
21:23 Watch Tower
21:30 Watch Tower
21:36 Watch Tower
21:42 Watch Tower
22:16 Watch Tower
22:22 Watch Tower
23:45 Watch Tower
23:50 Watch Tower
26:36 Orc Burrow
» items
| Healing Salve | 6 | |
| Orb of Lightning | 1 | |
| Potion of Healing | 4 | |
11 total

»
jayzee10 (
pink | 34 APM | 1132 actions | 33:19)
7 Dreadlord
3 Sleep
3 Vampiric Aura
1 Inferno
6 Lich
3 Frost Nova
2 Frost Armor
1 Death and Decay
4 Death Knight
2 Unholy Aura
2 Death Coil
» actions
| Assign group hotkey | 24 | |
| Build / train | 85 | |
| Enter build submenu | 20 | |
| Enter hero's abilities submenu | 17 | |
| Remove unit from queue | 1 | |
| Right click | 295 | |
| Select / deselect | 281 | |
| Select group hotkey | 324 | |
| Use ability | 85 | |
1132 total
» units
| Acolyte | 9 | |
| Ghoul | 8 | |
| Obsidian Statue | 3 | |
| Necromancer | 9 | |
| Abomination | 8 | |
| Crypt Fiend | 4 | |
41 total
» upgrades
| Unholy Armor | 3 | |
| Necromancer Training | 2 | |
| Skeletal Longevity | 1 | |
| Unholy Strength | 2 | |
| Disease Cloud | 1 | |
| Skeletal Mastery | 1 | |
| Web | 1 | |
| Creature Attack | 1 | |
12 total
» buildings
| Altar of Darkness | 1 | |
| Ziggurat | 8 | |
| Crypt | 1 | |
| Tomb of Relics | 1 | |
| Nerubian Tower | 1 | |
| Graveyard | 1 | |
| Halls of the Dead | 1 | |
| Slaughterhouse | 2 | |
| Temple of the Damned | 1 | |
| Necropolis | 1 | |
| Black Citadel | 1 | |
19 total
» build order
00:13 Altar of Darkness
00:16 Ziggurat
00:44 Crypt
01:12 Tomb of Relics
01:23 Ziggurat
01:47 Nerubian Tower
03:30 Graveyard
03:50 Halls of the Dead
05:16 Ziggurat
05:23 Ziggurat
06:40 Slaughterhouse
06:44 Slaughterhouse
06:58 Temple of the Damned
07:51 Ziggurat
07:55 Ziggurat
07:57 Ziggurat
08:02 Necropolis
08:27 Black Citadel
16:17 Ziggurat
» items
| Rod of Necromancy | 1 | |
| Scroll of Town Portal | 2 | |
| Orb of Lightning | 1 | |
| Potion of Healing | 2 | |
| Scroll of Healing | 1 | |
| Dust of Appearance | 1 | |
8 total
Chat log
(00:24 / All) Teelo: Rally 3 units
(00:27 / All) Teelo: Upgrade hall
(00:29 / All) Teelo: Sissy attack
(00:31 / All) Teelo: Head home
(01:42 / Allies) jayzee10: aboms necs stats
(03:16 / Allies) jayzee10: take
(15:04 / Allies) Teelo: get dust?
(15:50 / Allies) jenny86: no point in making chims i guess
(16:04 / Allies) Teelo: nope and Im not sure what to get
(16:30 / Allies) jayzee10: get dryads
(16:34 / Allies) jenny86: working on it
(16:35 / Allies) Teelo: cause Im nelf?
(16:46 / Allies) jayzee10: not you lol
(17:44 / Allies) jayzee10: yellow is towering
(18:20 / Allies) Teelo: use the dryads
(18:22 / Allies) Teelo: kill them,
(19:14 / Allies) jayzee10: get green
(19:18 / Allies) jayzee10: vulnerable
(19:49 / Allies) Teelo: damn
(19:52 / Allies) Teelo: wanted to charm a wisp
(19:52 / Allies) Teelo: lol
(20:20 / Allies) jayzee10: yep
(21:35 / Allies) jayzee10: next?
(21:46 / Allies) Teelo: like that shit?
(21:46 / Allies) Teelo: lol
(25:32 / All) Teelo: sweet I have an orc base a nelf base and an undead base
(25:39 / All) Teelo: not to mention six expansions
(28:20 / Allies) Teelo: get youyr asses over here and defend
(28:26 / Allies) jayzee10: coming
(31:33 / All) Teelo: like my orc fiends?
(32:26 / All) Teelo: no?
(32:31 / All) Teelo: what about the army of orc chims Im bringing?